Map: 16-Bit LE

Players

WiNdRiVeN - Winner!

  • Race: Zerg Zerg
  • League: Master
  • Spawn Location: 7:00

Megabearcub

  • Race: Zerg Zerg
  • League: Master
  • Spawn Location: 1:00

VOD

Have the link to the VOD?

Description

Time

  • Played on: July 21, 2018, 3:42 p.m.
  • Length: 21:20
Show
View Real Time Build Order
Export as new Build Order

WiNdRiVeN Zerg - Winner!

Build Orders: Hatch First, Lurkers, Muta Ling Bane, Swarm Host 

Get SALT Encoding   

  12  0:01  Drone  
  13  0:12  Overlord  
  13  0:18  Drone  
  14  0:31  Drone  
  14  0:32  Drone  
  17  0:35  Drone  
  17  0:55  Hatchery  
  17  0:56  Drone  
  17  1:00  Drone  
  17  1:02  Extractor  
  17  1:17  Spawning Pool  
  16  1:20  Drone  
  16  1:23  Drone  
  18  1:29  Drone  
  19  1:38  Overlord  
  19  1:50  Drone  
  20  2:03  Metabolic Boost  
  20  2:05  Queen  
  20  2:06  Queen  
  24  2:10  Zergling x2  
  24  2:13  Drone  
  26  2:24  Drone  
  26  2:25  Baneling Nest  
  26  2:26  Drone  
  27  2:36  Zergling x2  
  28  2:39  Drone x2  
  28  2:40  Drone  
  31  2:48  Overlord  
  31  2:56  Drone x2  
  33  3:09  Drone x2  
  33  3:12  Drone  
  34  3:15  Drone x2  
  34  3:16  Drone  
  36  3:20  Drone  
  36  3:21  Drone x2  
  36  3:25  Lair  
  36  3:26  Drone  
  40  3:31  Drone  
  40  3:34  Extractor, Drone  
  41  3:37  Zergling x2  
  41  3:43  Evolution Chamber  
  41  3:44  Zergling x2, Spine Crawler  
  40  3:52  Zergling x2  
  41  3:56  Baneling x2  
  41  3:57  Zergling x6  
  41  4:00  Overlord  
  41  4:15  Drone x6  
  43  4:24  Drone x3  
  43  4:27  Hatchery  
  44  4:35  Spire  
  43  4:40  Extractor x2  
  43  4:43  Drone x4  
  45  4:48  Drone  
  45  4:51  Drone  
  47  4:55  Queen  
  49  5:02  Queen  
  50  5:08  Zergling x4  
  50  5:13  Overlord x2  
  51  5:35  Zergling x2  
  51  5:36  Zergling x6  
  52  5:48  Mutalisk x3  
  57  5:50  Queen  
  59  5:59  Drone x3  
  62  6:08  Zerg Melee Weapons Level 1, Drone x3  
  65  6:14  Drone x7  
  71  6:28  Centrifical Hooks  
  71  6:29  Drone  
  71  6:32  Drone  
  73  6:34  Overlord x4  
  73  6:38  Infestation Pit  
  72  6:40  Evolution Chamber  
  72  6:42  Drone x2  
  72  6:44  Extractor  
  72  6:45  Extractor  
  72  6:46  Hatchery  
  70  6:53  Drone x3  
  70  6:54  Drone x2  
  74  7:03  Overlord  
  74  7:04  Mutalisk x2  
  78  7:11  Drone x4  
  78  7:15  Zerg Missile Weapons Level 1  
  82  7:17  Swarm Host x6  
  82  7:22  Overlord  
  100  7:23  Overlord, Swarm Host  
  103  7:31  Drone  
  103  7:34  Hydralisk Den  
  103  7:38  Swarm Host  
  103  7:39  Swarm Host x2  
  112  7:57  Swarm Host x7  
  133  8:04  Overlord  
  133  8:05  Overlord  
  133  8:06  Overlord x3  
  133  8:07  Drone  
  133  8:08  Drone x2  
  136  8:13  Lurker Den  
  135  8:21  Overlord x3  
  135  8:22  Zergling x2  
  135  8:23  Zergling x10  
  137  8:43  Hydralisk x8  
  137  8:46  Baneling x2  
  151  9:01  Drone  
  151  9:02  Drone x6  
  158  9:06  Hive  
  158  9:10  Extractor  
  158  9:11  Extractor  
  146  9:23  Hydralisk x6  
  146  9:24  Hydralisk x4  
  166  9:39  Lurker x4  
  166  9:41  Zergling x24  
  182  9:46  Queen  
  141  10:16  Hydralisk x12  
  154  10:21  Drone x6  
  154  10:26  Lurker  
  154  10:29  Drone x3  
  154  10:34  Adaptive Talons  
  157  10:43  Overseer  
  157  10:46  Overlord x3  
  157  10:47  Hydralisk x5  
  167  10:51  Grooved Spines  
  167  10:52  Drone  
  167  10:53  Drone  
  169  11:02  Lurker x2  
  171  11:06  Queen  
  171  11:09  Drone x2  
  171  11:10  Drone x3, Spine Crawler x2  
  171  11:11  Drone  
  177  11:12  Overlord x3, Spine Crawler x2  
  177  11:15  Spine Crawler  
  177  11:17  Lurker x2, Spine Crawler  
  177  11:18  Lurker  
  176  11:19  Lurker  
  177  11:29  Pneumatized Carapace  
  177  11:39  Hydralisk  
  177  11:40  Hydralisk x4  
  177  11:46  Zerg Missile Weapons Level 2  
  187  11:53  Overlord  
  187  11:55  Hydralisk x4  
  195  12:02  Muscular Augments  
  191  12:17  Hydralisk  
  191  12:18  Hydralisk x3  
  199  12:24  Spine Crawler  
  199  12:26  Spine Crawler  
  199  12:27  Spine Crawler  
  199  12:29  Spine Crawler  
  195  12:30  Hatchery  
  185  12:52  Overlord  
  185  12:53  Overlord x4  
  185  13:13  Hatchery  
  185  13:18  Swarm Host x5  
  193  13:49  Swarm Host x5  
  169  13:56  Overseer x5  
  169  14:00  Lurker  
  169  14:01  Lurker x8  
  149  14:16  Hydralisk x10  
  149  14:17  Hydralisk x2  
  152  14:28  Hydralisk  
  152  14:29  Hydralisk x2  
  158  14:40  Zerg Missile Weapons Level 3  
  158  14:43  Lurker x5  
  163  14:51  Extractor  
  163  14:52  Hydralisk  
  161  14:53  Hydralisk x3  
  157  15:18  Lurker x4  
  159  15:24  Hydralisk  
  159  15:25  Hydralisk  
  163  15:37  Overseer x2  
  163  15:46  Hatchery  
  162  15:52  Hatchery  
  161  16:00  Hydralisk x8  
  168  16:25  Hydralisk x7  
  182  16:39  Lurker  
  174  16:41  Lurker  
  175  16:50  Extractor  
  175  16:53  Extractor  
  173  17:13  Swarm Host  
  173  17:14  Swarm Host x5  
  191  17:23  Extractor  
  191  17:24  Extractor  
  189  17:33  Lurker x2  
  181  17:53  Lurker  
  181  17:54  Lurker x2  
  181  17:56  Hydralisk  
  181  17:57  Hydralisk  
  177  18:00  Drone  
  177  18:01  Drone x4  
  166  18:12  Lurker  
  166  18:13  Lurker  
  166  18:30  Hydralisk x6  
  170  18:50  Hydralisk x7  
  184  19:00  Hydralisk  
  184  19:01  Hydralisk x2  
  186  19:18  Hydralisk  
  186  19:19  Hydralisk x2  
  168  19:40  Hydralisk x5  
  164  19:50  Spine Crawler  
  164  19:51  Spine Crawler  
  164  19:52  Spine Crawler x2  
  146  19:54  Spine Crawler  
  120  20:02  Hydralisk x2  
  120  20:03  Hydralisk x3  
  87  20:15  Lurker  
  87  20:19  Hatchery  
  87  20:22  Hydralisk x2  
  87  20:24  Zergling x2  
  87  20:25  Zergling x16  
  100  20:33  Lurker  
  82  21:00  Zergling x6  
  82  21:01  Zergling x20  
Show
View Real Time Build Order
Export as new Build Order

Megabearcub Zerg 

Build Orders: Hatch First, Lurkers 

Get SALT Encoding   

  12  0:01  Drone  
  13  0:12  Overlord  
  13  0:19  Drone  
  14  0:31  Drone x2  
  16  0:35  Drone  
  17  0:54  Hatchery  
  17  0:56  Drone  
  17  0:59  Drone  
  17  1:03  Extractor  
  17  1:16  Spawning Pool  
  17  1:18  Drone  
  17  1:21  Drone  
  18  1:32  Drone  
  19  1:39  Overlord  
  19  1:56  Drone  
  20  2:03  Queen  
  20  2:05  Metabolic Boost  
  20  2:06  Queen  
  20  2:07  Zergling x2  
  25  2:10  Zergling x2  
  25  2:14  Drone  
  27  2:24  Drone  
  27  2:25  Drone  
  29  2:32  Drone  
  30  2:39  Baneling Nest  
  30  2:40  Drone x2  
  31  2:45  Queen  
  31  2:47  Overlord  
  33  2:58  Drone  
  33  2:59  Drone  
  33  3:05  Drone  
  34  3:15  Zergling x14  
  34  3:18  Drone  
  42  3:20  Overlord  
  42  3:38  Drone  
  42  3:39  Drone x2  
  45  3:46  Overlord, Hatchery  
  44  3:52  Drone x5  
  44  3:55  Extractor  
  48  3:56  Extractor  
  42  4:18  Zergling x10  
  45  4:31  Roach Warren  
  44  4:35  Zergling x2  
  44  4:36  Zergling x8  
  49  4:40  Drone  
  49  4:45  Drone  
  51  4:50  Evolution Chamber  
  51  4:52  Evolution Chamber, Baneling  
  49  4:53  Baneling  
  49  4:54  Drone x3  
  49  4:55  Drone  
  53  5:06  Drone x5  
  55  5:32  Drone x2  
  55  5:33  Drone x6  
  55  5:34  Drone  
  55  5:35  Drone x3  
  66  5:38  Overlord x2  
  62  5:55  Spore Crawler  
  62  5:56  Lair  
  61  5:58  Zerg Missile Weapons Level 1, Zerg Ground Armor Level 1  
  61  6:00  Spore Crawler  
  61  6:03  Queen, Spore Crawler  
  60  6:05  Spore Crawler  
  60  6:09  Roach x7, Spore Crawler  
  60  6:10  Roach x2, Spore Crawler  
  75  6:28  Drone x4  
  75  6:30  Queen  
  81  6:35  Extractor  
  81  6:36  Extractor  
  81  6:39  Extractor  
  78  6:40  Spore Crawler  
  77  6:50  Overlord  
  77  6:51  Overlord x3  
  77  7:01  Glial Reconstitution  
  77  7:08  Hydralisk Den  
  76  7:11  Drone x3  
  76  7:12  Drone x3  
  76  7:14  Drone x3  
  76  7:15  Drone x2  
  87  7:16  Drone x2  
  89  7:27  Overlord x5  
  89  7:32  Zergling x4  
  89  7:33  Zergling x4  
  93  7:43  Muscular Augments  
  93  7:50  Hydralisk  
  93  7:51  Hydralisk x7  
  109  8:01  Zerg Missile Weapons Level 2  
  109  8:03  Overlord x3  
  109  8:12  Hydralisk x4  
  111  8:13  Hydralisk x2  
  121  8:22  Roach  
  121  8:23  Roach x5  
  133  8:40  Roach x3  
  136  8:55  Grooved Spines  
  127  9:00  Roach x4  
  127  9:01  Roach  
  129  9:03  Overlord  
  129  9:04  Overlord x4  
  129  9:12  Spine Crawler  
  129  9:13  Queen, Spine Crawler  
  127  9:28  Hydralisk x3  
  127  9:29  Hydralisk x5  
  143  9:35  Zerg Ground Armor Level 2  
  141  9:42  Roach  
  141  9:43  Roach x5  
  141  10:07  Roach x9  
  109  10:29  Lurker Den  
  109  10:31  Hydralisk x2  
  109  10:32  Hydralisk x5  
  109  10:34  Drone  
  109  10:35  Drone x3  
  126  10:51  Drone x2  
  126  10:52  Drone x4  
  132  10:58  Hatchery  
  132  11:02  Overseer x3  
  131  11:04  Pneumatized Carapace  
  131  11:05  Overlord x3  
  131  11:06  Roach x3  
  131  11:07  Roach x5  
  147  11:28  Hydralisk x7  
  161  11:35  Overlord  
  161  11:36  Overlord  
  161  11:42  Infestation Pit  
  160  11:59  Hatchery  
  159  12:25  Overseer  
  159  12:29  Hive  
  153  13:02  Lurker x3  
  153  13:03  Lurker x6  
  153  13:04  Roach  
  153  13:05  Roach x10  
  184  13:06  Drone  
  184  13:07  Queen, Drone x10  
  172  14:01  Roach  
  172  14:02  Roach x18  
  197  14:03  Roach x2  
  181  14:19  Drone x8  
  181  14:21  Queen  
  191  14:29  Ultralisk Cavern  
  176  14:44  Hatchery  
  175  14:53  Hydralisk  
  175  14:54  Hydralisk x11  
  186  15:28  Chitinous Plating  
  183  15:30  Ultralisk x2  
  183  15:34  Zerg Melee Weapons Level 1  
  195  15:35  Zerg Missile Weapons Level 3  
  195  15:44  Hydralisk  
  195  15:45  Hydralisk  
  199  16:07  Extractor  
  199  16:08  Extractor  
  183  16:41  Hydralisk x6  
  183  16:42  Hydralisk x2  
  199  16:52  Extractor  
  199  16:53  Extractor  
  197  17:06  Zergling x2  
  197  17:07  Zergling x12  
  199  17:35  Zerg Ground Armor Level 3  
  161  17:57  Hydralisk x5  
  161  17:58  Hydralisk x24  
  167  18:09  Lurker x7  
  167  18:10  Lurker  
  167  18:11  Zergling x2  
  167  18:12  Zergling x20  
  178  18:18  Overseer x3  
  178  18:19  Overseer x2  
  141  19:05  Roach x13  
  155  19:22  Hatchery  
  97  20:06  Hydralisk x10  
  83  20:13  Lair  
  99  20:25  Roach x3  
  105  20:34  Hatchery  
  81  20:57  Roach  
  81  20:58  Roach x11  
  81  21:01  Extractor  
  81  21:02  Extractor  
  103  21:10  Hatchery, Spine Crawler  
  99  21:12  Spine Crawler  
Tags
 
Add a new tag
Caveats
  • Supply blocks, unpowered buildings, or Contaminate may cause inaccurate times.
  • Supply counts are checked every 10 seconds.